Map: [ESL] Goldenaura

Players

Nina

  • Race: Protoss Protoss
  • Spawn Location: 12:00

Kelazhur - Winner!

  • Race: Terran Terran
  • Spawn Location: 5:00

Event: ESL SC2 Masters 2023 Winter (Regional)

VOD

Have the link to the VOD?

Description

Time

  • Played on: Nov. 6, 2023, 8:13 p.m.
  • Length: 15:03

All games in this series

Show
View Real Time Build Order
Export as new Build Order

Nina Protoss 

Build Orders: 1 Gate Expand, Blink Stalkers 

Get SALT Encoding   

  12  0:00  Probe  
  13  0:12  Probe  
  14  0:17  Pylon  
  14  0:24  Probe (Chrono Boost)  
  15  0:36  Gateway  
  15  0:37  Probe (Chrono Boost)  
  16  0:44  Probe (Chrono Boost)  
  17  0:51  Probe  
  17  0:52  Assimilator  
  18  1:03  Probe  
  19  1:15  Probe  
  20  1:25  Cybernetics Core  
  20  1:34  Nexus  
  20  1:41  Pylon  
  20  1:44  Probe  
  21  1:50  Assimilator  
  21  1:57  Probe  
  22  2:03  Stalker (Chrono Boost)  
  22  2:05  Warp Gate  
  24  2:11  Probe  
  25  2:23  Probe  
  25  2:24  Stalker (Chrono Boost)  
  28  2:35  Probe  
  29  2:38  Twilight Council  
  29  2:47  Probe  
  29  2:50  Probe  
  31  2:55  Stalker  
  33  2:59  Probe  
  33  3:02  Probe  
  33  3:03  Shield Battery  
  35  3:11  Probe  
  36  3:13  Gateway  
  36  3:14  Probe  
  36  3:15  Blink (Chrono Boost)  
  37  3:24  Probe  
  38  3:28  Probe  
  38  3:33  Gateway  
  39  3:41  Pylon  
  39  3:47  Probe  
  36  3:57  Robotics Facility  
  36  3:59  Probe  
  36  4:00  Stalker  
  38  4:08  Probe (Chrono Boost)  
  38  4:16  Shield Battery, Probe (Chrono Boost)  
  39  4:19  Probe (Chrono Boost)  
  39  4:22  Pylon  
  39  4:24  Probe x2 (Chrono Boost)  
  41  4:30  Stalker  
  44  4:35  Probe  
  44  4:36  Probe  
  46  4:41  Pylon, Stalker  
  48  4:46  Observer  
  48  4:47  Probe, Stalker  
  48  4:49  Probe  
  53  4:59  Probe  
  54  5:01  Probe  
  54  5:02  Pylon  
  54  5:06  Stalker  
  57  5:11  Probe  
  57  5:12  Observer (Chrono Boost), Pylon  
  57  5:14  Probe  
  60  5:18  Assimilator  
  60  5:23  Probe  
  60  5:26  Probe  
  62  5:31  Nexus  
  62  5:38  Stalker  
  64  5:47  Probe  
  64  5:51  Probe  
  64  5:52  Robotics Bay  
  64  5:53  Gateway  
  65  5:59  Assimilator, Probe  
  65  6:03  Probe  
  67  6:06  Forge  
  67  6:09  Observer  
  67  6:10  Charge (Chrono Boost)  
  67  6:11  Probe  
  68  6:12  Gateway  
  68  6:15  Probe  
  69  6:20  Pylon  
  69  6:23  Probe  
  69  6:25  Sentry  
  72  6:27  Probe  
  72  6:28  Gateway  
  73  6:35  Probe  
  73  6:38  Colossus (Chrono Boost)  
  73  6:39  Probe  
  75  6:44  Zealot  
  82  6:47  Probe x2  
  82  6:52  Probe (Chrono Boost)  
  85  6:58  Sentry, Zealot x2  
  85  6:59  Protoss Ground Weapons Level 1  
  85  7:00  Probe (Chrono Boost)  
  93  7:03  Probe (Chrono Boost)  
  93  7:05  Shield Battery  
  94  7:09  Probe (Chrono Boost), Pylon  
  94  7:11  Probe (Chrono Boost)  
  94  7:14  Probe (Chrono Boost)  
  94  7:15  Probe (Chrono Boost), Pylon  
  96  7:16  Probe (Chrono Boost)  
  96  7:21  Zealot  
  100  7:23  Pylon  
  100  7:28  Zealot x4  
  106  7:31  Zealot  
  108  7:37  Colossus (Chrono Boost)  
  108  7:45  Zealot  
  108  7:48  Zealot x2  
  108  7:49  Zealot x2  
  104  7:58  Stalker  
  98  8:12  Stalker x5  
  98  8:16  Gateway  
  98  8:17  Gateway  
  98  8:19  Probe  
  87  8:20  Extended Thermal Lance  
  87  8:23  Zealot  
  87  8:25  Colossus (Chrono Boost)  
  95  8:29  Zealot x2  
  95  8:34  Assimilator  
  95  8:38  Stalker x3  
  101  8:43  Forge  
  91  8:48  Zealot  
  91  8:49  Zealot x2  
  85  8:59  Robotics Facility, Probe (Chrono Boost)  
  85  9:01  Probe (Chrono Boost)  
  87  9:07  Sentry  
  87  9:08  Protoss Ground Weapons Level 2 (Chrono Boost)  
  90  9:10  Pylon  
  90  9:13  Nexus, Probe (Chrono Boost), Pylon  
  90  9:15  Observer  
  91  9:18  Zealot  
  91  9:21  Assimilator  
  91  9:22  Zealot x2  
  91  9:23  Sentry, Protoss Ground Armor Level 1 (Chrono Boost)  
  99  9:27  Probe  
  99  9:30  Stalker  
  102  9:32  Probe  
  102  9:33  Shield Battery  
  103  9:40  Disruptor (Chrono Boost)  
  103  9:42  Zealot x2  
  103  9:43  Zealot  
  113  9:49  Observer, Zealot x2  
  113  9:56  Zealot x3  
  103  10:03  Stalker x2  
  107  10:12  Probe  
  114  10:14  Probe  
  114  10:16  Probe (Chrono Boost)  
  117  10:21  Colossus (Chrono Boost)  
  117  10:23  Observer (Chrono Boost), Stalker x3  
  117  10:25  Probe (Chrono Boost)  
  126  10:31  Stalker, Probe (Chrono Boost)  
  126  10:34  Probe (Chrono Boost)  
  126  10:35  Probe x2 (Chrono Boost)  
  130  10:39  Probe (Chrono Boost)  
  130  10:40  Zealot, Probe (Chrono Boost)  
  130  10:41  Pylon  
  134  10:43  Templar Archives  
  134  10:44  Sentry  
  136  10:53  Observer  
  136  10:54  Photon Cannon  
  136  10:57  Probe  
  130  10:58  Probe  
  130  11:01  Photon Cannon  
  130  11:04  Probe  
  130  11:08  Stalker x4  
  130  11:11  Probe  
  137  11:12  Probe  
  137  11:16  Disruptor  
  137  11:17  Disruptor  
  146  11:20  Probe  
  146  11:22  Protoss Ground Armor Level 2 (Chrono Boost)  
  146  11:28  Probe  
  146  11:32  Assimilator  
  143  11:33  Zealot x5, Photon Cannon, Protoss Ground Weapons Level 3 (Chrono Boost)  
  120  11:57  Zealot x7  
  120  11:58  Zealot  
  120  12:01  Disruptor (Chrono Boost)  
  116  12:17  Zealot x4  
  116  12:18  Zealot x2  
  116  12:21  Colossus (Chrono Boost)  
  110  12:33  Colossus (Chrono Boost)  
  110  12:35  High Templar x2  
  120  12:39  Archon  
  120  12:40  High Templar  
  120  12:41  Nexus, High Templar  
  120  12:43  Assimilator  
  124  12:45  Archon  
  124  12:48  Probe x2  
  126  12:55  Stalker x4  
  134  13:00  Probe  
  134  13:01  Shield Battery  
  134  13:02  Observer  
  132  13:08  Zealot x2  
  135  13:16  Zealot x2  
  135  13:19  Stalker x4  
  136  13:25  Colossus (Chrono Boost)  
  128  13:37  Zealot x4  
  128  13:40  Probe  
  129  13:46  High Templar x2, Colossus (Chrono Boost)  
  129  13:47  Probe  
  129  13:48  Probe  
  141  13:51  High Templar, Archon, Pylon  
  141  13:53  High Templar  
  145  13:59  Archon  
  145  14:01  Probe  
  146  14:07  Stalker x4  
  154  14:15  Disruptor (Chrono Boost)  
  156  14:21  Nexus  
  156  14:23  Sentry  
  158  14:27  Zealot  
  160  14:32  Shield Battery  
  157  14:39  Zealot x3  
  163  14:47  Zealot x3  
  163  14:52  Zealot x2  
Show
View Real Time Build Order
Export as new Build Order

Kelazhur Terran - Winner!

Build Orders:  

Get SALT Encoding   

  12  0:00  SCV  
  13  0:12  SCV  
  14  0:17  Supply Depot  
  14  0:24  SCV  
  15  0:38  SCV  
  15  0:40  Barracks  
  16  0:43  Refinery  
  16  0:51  SCV  
  16  0:53  Refinery  
  17  1:03  SCV  
  18  1:15  SCV  
  19  1:23  Supply Depot  
  19  1:27  Orbital Command, Reaper  
  20  1:42  Factory  
  20  1:53  SCV  
  21  1:59  Barracks Reactor  
  21  2:05  SCV  
  22  2:17  Command Center  
  22  2:20  SCV  
  23  2:26  Hellion  
  25  2:32  SCV  
  27  2:37  Reaper x2  
  27  2:39  Supply Depot  
  28  2:48  Hellion, SCV  
  31  3:00  SCV  
  31  3:04  Starport  
  32  3:13  Widow Mine  
  32  3:14  Marine x2, SCV  
  37  3:26  SCV  
  38  3:28  Orbital Command  
  38  3:32  Marine x2  
  40  3:35  Widow Mine  
  40  3:38  SCV  
  43  3:46  Medivac  
  44  3:50  Marine x2  
  44  3:53  SCV  
  47  3:56  Widow Mine  
  47  3:59  SCV  
  46  4:05  SCV, Supply Depot  
  46  4:07  Marine  
  46  4:08  Marine  
  49  4:11  SCV  
  49  4:17  Barracks, Factory Tech Lab  
  49  4:18  SCV  
  49  4:23  SCV  
  49  4:24  Bunker  
  51  4:26  Starport Tech Lab  
  51  4:30  SCV  
  52  4:35  SCV  
  52  4:38  Siege Tank  
  56  4:39  Marine x2  
  56  4:40  Supply Depot  
  56  4:42  SCV  
  61  4:45  Raven  
  61  4:47  Supply Depot  
  61  4:48  SCV  
  62  4:55  Barracks  
  62  4:58  SCV  
  62  5:01  Marine x2  
  62  5:02  SCV  
  65  5:08  Barracks Tech Lab  
  65  5:10  SCV  
  65  5:12  Engineering Bay  
  65  5:14  SCV  
  67  5:17  Refinery  
  67  5:19  Marine x2  
  69  5:22  Siege Tank, Supply Depot  
  69  5:26  Stimpack, Marauder  
  69  5:27  SCV  
  75  5:30  SCV  
  75  5:35  Starport Reactor  
  75  5:37  Refinery  
  75  5:39  SCV  
  73  5:42  SCV  
  73  5:47  Marine x2  
  73  5:51  SCV  
  73  5:52  Marauder  
  73  5:54  SCV  
  78  5:57  Siege Tank  
  78  6:03  Supply Depot  
  78  6:04  Combat Shield, Marine  
  78  6:05  Marine x2  
  78  6:08  Command Center  
  81  6:13  Terran Infantry Weapons Level 1  
  81  6:15  Supply Depot  
  81  6:16  Marauder  
  83  6:20  SCV x2  
  83  6:23  Marine  
  83  6:24  Marine x2  
  88  6:27  Medivac  
  88  6:28  Supply Depot  
  90  6:35  Medivac  
  90  6:37  Supply Depot  
  94  6:40  Marauder  
  94  6:41  Marine  
  94  6:42  SCV x2, Marine  
  98  6:50  Marauder  
  98  6:54  SCV  
  98  7:00  SCV  
  98  7:01  Barracks x2  
  98  7:02  Factory Reactor  
  98  7:06  SCV, Medivac x2  
  103  7:10  Marine x2  
  103  7:11  Concussive Shells, Marauder  
  103  7:12  SCV  
  108  7:17  Marauder  
  108  7:18  SCV  
  109  7:24  Supply Depot, SCV  
  109  7:25  SCV  
  110  7:32  Marauder, Marine x2  
  110  7:36  Viking  
  116  7:38  Orbital Command  
  116  7:39  Marauder  
  118  7:49  Barracks Tech Lab  
  118  7:50  Marauder  
  119  7:53  Marauder  
  110  8:02  Marauder, Marine x2  
  110  8:06  SCV  
  110  8:11  Orbital Command  
  110  8:12  Marine  
  101  8:13  SCV, Marauder  
  101  8:15  Marauder  
  101  8:18  Terran Infantry Armor Level 1  
  101  8:19  SCV  
  102  8:22  Medivac x2  
  102  8:24  Marauder  
  102  8:25  SCV  
  106  8:30  Marauder, Widow Mine  
  106  8:31  Marine  
  106  8:33  SCV  
  112  8:34  Marauder  
  112  8:36  SCV  
  112  8:37  Marauder  
  112  8:38  Marine  
  110  8:45  Marauder  
  110  8:48  Widow Mine  
  110  8:49  Marine  
  110  8:50  SCV  
  110  8:51  Widow Mine  
  110  8:52  Marauder  
  110  8:55  SCV, Marauder  
  110  8:56  Marine  
  110  8:58  Marauder  
  110  9:02  Medivac x2  
  118  9:05  Refinery  
  118  9:06  Marine  
  118  9:07  Marine  
  122  9:10  Widow Mine  
  122  9:13  Marauder, Widow Mine  
  122  9:15  Refinery  
  128  9:17  Armory, Marauder  
  128  9:19  Supply Depot  
  128  9:22  Marauder, Marine  
  131  9:24  Marauder, Marine  
  134  9:34  Ghost Academy  
  134  9:35  Widow Mine, Marauder  
  134  9:36  Widow Mine  
  140  9:40  Marauder  
  140  9:41  Viking  
  140  9:43  Command Center  
  140  9:44  Viking, Supply Depot  
  146  9:47  Marauder  
  148  9:54  Marauder  
  148  9:56  Marauder  
  148  9:57  Marine x2  
  141  10:02  Marauder  
  122  10:09  Marauder  
  122  10:11  Viking  
  126  10:14  Viking  
  126  10:15  Marauder, Marine x2  
  126  10:18  Terran Infantry Weapons Level 2  
  134  10:22  Ghost  
  134  10:23  Marauder  
  140  10:28  Widow Mine x2  
  140  10:29  Missile Turret, SCV  
  140  10:30  Barracks x2, SCV  
  140  10:32  Barracks  
  140  10:34  Marauder  
  144  10:37  Marauder, Marine  
  144  10:41  Viking  
  149  10:45  Marauder  
  149  10:48  Marine  
  152  10:52  Marauder  
  152  10:54  Viking, Marine  
  157  10:59  Marauder  
  157  11:02  SCV  
  160  11:05  Planetary Fortress, Ghost  
  160  11:06  SCV  
  160  11:09  SCV  
  164  11:13  Marauder  
  164  11:14  SCV  
  163  11:18  SCV  
  163  11:19  Marine x2  
  163  11:21  Barracks Reactor x2, SCV  
  163  11:24  Barracks Reactor  
  167  11:26  Ghost  
  167  11:27  Marine  
  167  11:28  SCV  
  167  11:30  SCV  
  167  11:32  Viking  
  172  11:34  Marine  
  171  11:45  Ghost  
  171  11:53  Marine x2, Marauder  
  171  11:54  Marauder  
  157  11:56  Marauder  
  157  11:58  Marine  
  157  11:59  Marine x2  
  155  12:02  Medivac x2  
  155  12:04  Marine x3  
  160  12:11  Marine x2  
  160  12:14  Marauder  
  160  12:15  Marine, Marauder x2  
  166  12:17  Marauder  
  146  12:24  Marine x2  
  146  12:29  Marine x2  
  148  12:36  Marine, Marauder x2  
  148  12:37  Marauder, Marine  
  155  12:39  Medivac x2, Marauder  
  155  12:40  Command Center, Widow Mine x2  
  155  12:41  Supply Depot  
  166  12:49  Marine  
  167  12:53  Marine x4  
  167  12:54  Marine  
  172  13:03  Widow Mine x2, Marauder x4  
  172  13:10  Marine  
  171  13:23  Viking x2  
  171  13:24  Ghost x2  
  171  13:25  Widow Mine x2, Marauder x2  
  174  13:30  Marine  
  171  13:37  Marine  
  171  13:38  Marine x6  
  178  13:41  SCV  
  178  13:42  SCV  
  178  13:45  Supply Depot  
  180  13:51  Ghost x2, SCV x2, Marine  
  180  13:52  Ghost  
  180  13:53  Viking x2, Marine  
  194  13:59  Marine x3  
  195  14:05  Factory Reactor  
  195  14:06  Marine  
  195  14:08  Marine x2  
  198  14:11  Marauder  
  198  14:15  Planetary Fortress  
  198  14:16  Missile Turret  
  200  14:18  Missile Turret, Refinery  
  200  14:20  Missile Turret, Refinery  
  200  14:32  Starport  
  196  14:40  Marine  
Tags
 
Add a new tag
Caveats
  • Supply blocks, unpowered buildings, or Contaminate may cause inaccurate times.
  • Supply counts are checked every 10 seconds.